[Event "Late-Titled-Tuesday-Blitz-September-12-2023"]
[Site "Chess.com"]
[Date "2023.09.12"]
[Round "2"]
[White "Hikaru"]
[Black "Alexei_Gubajdullin"]
[Result "1-0"]
[WhiteElo "3220"]
[BlackElo "2604"]
[TimeControl "180+1"]
[EndTime "14:17:10 PDT"]
[Termination "Hikaru won on time"]

1. Nf3 Nf6 2. b3 g6 3. Bb2 Bg7 4. e3 O-O 5. d4 b6 6. Be2 Bb7 7. c4 e6 8. O-O d6 9. Qc2 Ne4 10. Ne1 f5 11. f3 Ng5 12. Nd3 Nd7 13. Nc3 Qe7 14. Rad1 a6 15. a4 Bh6 16. a5 Nf7 17. Bc1 e5 18. axb6 cxb6 19. Nb4 Nf6 20. dxe5 dxe5 21. Nbd5 Nxd5 22. Nxd5 Bxd5 23. Rxd5 Rfd8 24.
f4 Rxd5 25. cxd5 b5 26. Qc6 Rd8 27. Qe6 Qc7 28. Ba3 Bf8 29. Bxf8 Kxf8 30. Qxa6 Rxd5 31.
Bxb5 Qc5 32. Bc4 Qxe3+ 33. Kh1 Rd7 34. Qc8+ Ke7 35. Bxf7 Qxf4 36. Qe8+ Kf6 37. Bc4 Qd4 38. h3 e4 39. Qh8+ Kg5 40. Qxd4 Rxd4 41. Rb1 f4 42.
Kg1 Kh4 43. Bf1 Kg3 44. b4 f3 45. gxf3 exf3 46. b5 Rd2 47. b6 Rd8 48. b7 Rb8 49. Ba6 g5 50. Rc1 h5 51. Rc8 1-0

[Event "Late-Titled-Tuesday-Blitz-September-12-2023"]
[Site "Chess.com"]
[Date "2023.09.12"]
[Round "2"]
[White "SergioMoralesG"]
[Black "TanitoluwaAps116"]
[Result "0-1"]
[WhiteElo "2404"]
[BlackElo "2718"]
[TimeControl "180+1"]
[EndTime "14:17:10 PDT"]
[Termination "TanitoluwaAps116 won on time"]

1. d4 Nf6 2. c4 e6 3. Nf3 b6 4. g3 Ba6 5. b3 Bb4+ 6. Bd2 Be7 7.
Nc3 c6 8. Bg2 d5 9. O-O O-O 10.
Rc1 Nbd7 11. cxd5 cxd5 12. Bf4 Rc8 13. Ne5 Nxe5 14. Bxe5 Nd7 15. Bf4 Ba3 16. Rc2 Qe7 17. Bc1 Bxc1 18. Qxc1 Qb4 19. Rd1 g6 20. Bf3 Kg7 21. Qb2 Rc7 22. a3 Qd6 23. Rdc1 Rfc8 24. a4 Qb4 25. e3 Nf6 26. Kg2 Bd3 27. Na2 Rxc2 28. Nxb4 Rxb2 29. Rxc8 Be4 30. Nc6 Bxf3+ 31. Kxf3 Ne4 32. Ne5 Rxf2+ 33. Kg4 h5+ 0-1

[Event "Late-Titled-Tuesday-Blitz-September-12-2023"]
[Site "Chess.com"]
[Date "2023.09.12"]
[Round "2"]
[White "RaphaeI"]
[Black "rikchessmx"]
[Result "1-0"]
[WhiteElo "2660"]
[BlackElo "2287"]
[TimeControl "180+1"]
[EndTime "14:17:13 PDT"]
[Termination "RaphaeI won by resignation"]

1. c4 Nf6 2. Nc3 e5 3. g3 Bc5 4. Bg2 a6 5. e3 d6 6. d4 exd4 7. exd4 Ba7 8. Nge2 O-O 9. h3 h6 10. O-O Nc6 11. b3 Bf5 12. Be3 Re8 13. Qd2 Qd7 14.
Kh2 Ne4 15. Nxe4 Bxe4 16. f3 Bh7 17. Nc3 Rxe3 18. Qxe3 Bxd4 19. Qd2 h5 20. h4 Qf5 21.
Rae1 Be5 22. Nd5 Kh8 23. f4 Bf6 24. Nxc7 Rd8 25. Nd5 Bd4 26. Ne7 Nxe7 27. Qxd4 Nc6 28. Qb6 Rd7 29. Re8+ Bg8 30. Bxc6 bxc6 31. Qxc6 Kh7 32.
Qc8 d5 33. Rxg8 Kg6 34. Qf8 Qc2+ 35. Kg1 Qc3 36. f5+ 1-0

[Event "Late-Titled-Tuesday-Blitz-September-12-2023"]
[Site "Chess.com"]
[Date "2023.09.12"]
[Round "2"]
[White "SONOFHOLYGOD"]
[Black "campochess"]
[Result "1-0"]
[WhiteElo "2618"]
[BlackElo "2131"]
[TimeControl "180+1"]
[EndTime "14:17:15 PDT"]
[Termination "SONOFHOLYGOD won by checkmate"]

1. d4 Nf6 2. c4 c5 3. e3 cxd4 4. exd4 g6 5. d5 Bg7 6. Nc3 d6 7. Nf3 O-O 8. Be2 Bf5 9. Nd4 Bd7 10. O-O Na6 11. Bg5 h6 12. Bh4 Nc5 13. Re1 Nce4 14.
Nxe4 Nxe4 15. Bf3 Ng5 16. Be2 Re8 17. f4 Ne4 18. Bf3 Nc5 19. Kh1 Na4 20. Re2 Rc8 21. Rc1 a5 22. f5 g5 23. Bf2 Nc5 24. Bh5 Rf8 25. Qd2 Be8 26. Rce1 Bf6 27. h4 Qd7 28. Bg4 gxh4 29. Qxh6 Bg7 30. Qxh4 Nd3 31. f6 Bxf6 32. Qh3 Qc7 33. Bf5 Nxf2+ 34. Rxf2 Bh4 35. Qxh4 Kg7 36.
Qh7+ Kf6 37. Bg4+ Kg5 38. Qh5# 1-0

[Event "Late-Titled-Tuesday-Blitz-September-12-2023"]
[Site "Chess.com"]
[Date "2023.09.12"]
[Round "2"]
[White "jcibarra"]
[Black "KamilGrycel"]
[Result "1-0"]
[WhiteElo "2923"]
[BlackElo "2526"]
[TimeControl "180+1"]
[EndTime "14:17:16 PDT"]
[Termination "jcibarra won by resignation"]

1. e4 d6 2. d4 Nf6 3. Nc3 c6 4.
f4 Qb6 5. h3 e5 6. Nf3 Nbd7 7. a3 exd4 8. Nxd4 d5 9. e5 Ne4 10.
Nxe4 dxe4 11. e6 fxe6 12. Nxe6 Nf6 13. Bc4 Bxe6 14. Bxe6 Rd8 15. Qe2 Bc5 16. Rf1 Rd6 17. f5 Ke7 18. c3 Rhd8 19. Bf4 Rd3 20. Bc4 Kf8 21. b4 Be3 22. Bxd3 Rxd3 23. Rd1 Rxc3 24.
Be5 Rxa3 25. Qc4 Ra4 26. Bd6+ Ke8 27. Qe6+ Kd8 28. Bc5+ Nd5 29. Bxb6+ axb6 30. Rxd5+ cxd5 31. Qxd5+ Kc7 32. Qf7+ Kb8 33. Qe8+ Ka7 34. Qxa4+ 1-0

[Event "Late-Titled-Tuesday-Blitz-September-12-2023"]
[Site "Chess.com"]
[Date "2023.09.12"]
[Round "2"]
[White "Korchmar_Vasiliy"]
[Black "PedroGil25"]
[Result "1-0"]
[WhiteElo "2698"]
[BlackElo "2331"]
[TimeControl "180+1"]
[EndTime "14:17:17 PDT"]
[Termination "Korchmar_Vasiliy won on time"]

1. e4 c5 2. d4 cxd4 3. Qxd4 Nc6 4. Qd3 Nf6 5. Nc3 d6 6. Nf3 g6 7. Be2 Bg7 8. O-O O-O 9. Nd5 Nxd5 10. exd5 Nb4 11.
Qd1 Bf5 12. c3 Nc2 13. g4 Nxa1 14. gxf5 Qd7 15. fxg6 fxg6 16. Ng5 Rf5 17. Bg4 Raf8 18.
Be3 Nc2 19. Bd2 Qa4 20. Ne6 R8f7 21. Bxf5 Rxf5 22. Qe2 Bf6 23. b3 Qxa2 24. Qb5 Bg7 25. Qe8+ Bf8 26. Bh6 Ne3 27. Nxf8 Nxf1 28. Ne6+ 1-0

[Event "Late-Titled-Tuesday-Blitz-September-12-2023"]
[Site "Chess.com"]
[Date "2023.09.12"]
[Round "2"]
[White "picturesquecheck"]
[Black "Herman-NY"]
[Result "1/2-1/2"]
[WhiteElo "2324"]
[BlackElo "2522"]
[TimeControl "180+1"]
[EndTime "14:17:17 PDT"]
[Termination "Game drawn by repetition"]

1. e4 c5 2. Nf3 Nc6 3. Nc3 e6 4. d4 cxd4 5. Nxd4 a6 6. Be2 Qc7 7. O-O Nf6 8. Be3 Be7 9. f4 d6 10.
Qe1 O-O 11. a3 Bd7 12. Rd1 Nxd4 13. Bxd4 Bc6 14. Qg3 Rad8 15. Bf3 Rfe8 16. e5 dxe5 17. fxe5 Rxd4 18. Rxd4 Bc5 19. Ne2 Nd7 20. Bxc6 bxc6 21.
Kh1 Bxd4 22. Nxd4 Nxe5 23. Re1 f6 24. Nf3 Rd8 25. Nxe5 fxe5 26. h3 Rd5 27. Qg4 Qd6 28. Qe2 a5 29. Qh5 h6 30. Rf1 e4 31. Qe2 Qe5 32. Qe3 Kh7 33. Re1 Rd4 34. c3 Rc4 35.
Qb6 a4 36. Qe3 Qd5 37. Qf4 Qf5 38. Qe3 Qd5 39. Qf4 Qf5 40. Qe3 Qd5 1/2-1/2

[Event "Late-Titled-Tuesday-Blitz-September-12-2023"]
[Site "Chess.com"]
[Date "2023.09.12"]
[Round "2"]
[White "Schattman"]
[Black "PawnEatingZombie"]
[Result "1-0"]
[WhiteElo "2466"]
[BlackElo "2196"]
[TimeControl "180+1"]
[EndTime "14:17:17 PDT"]
[Termination "Schattman won by resignation"]

1. Nf3 c5 2. b3 Nc6 3. Bb2 d6 4.
d4 cxd4 5. Nxd4 Nf6 6. e3 e6 7. Be2 Be7 8. O-O O-O 9. c4 a6 10.
Nc3 Qc7 11. Rc1 Bd7 12. Bf3 Ne5 13. Be2 Rac8 14. h3 Qb8 15. f4 Ng6 16. Bd3 Rfe8 17. a4 Nf8 18. Kh1 Bd8 19. Ne4 e5 20.
fxe5 dxe5 21. Nxf6+ Bxf6 22. Nf5 Bxf5 23. Bxf5 Rcd8 24.
Qc2 Qd6 25. Rcd1 Qe7 26. Be4 Rxd1 27. Rxd1 g6 28. Bc3 Bg7 29. Qd2 Bh6 30. Qe2 b6 31.
Bd5 Bg7 32. Rf1 Ne6 33. Qf3 Rf8 34. Qd1 Kh8 35. Qa1 Nc5 36. Qb2 a5 37. e4 Ne6 38.
Bxe6 Qxe6 39. Rd1 h5 40. Rd5 Re8 41. Qd2 f5 42. Rd6 Qf7 43. Rd7 Qf6 44. Rd6 Qf7 45.
Qd5 fxe4 46. Qxf7 1-0

[Event "Late-Titled-Tuesday-Blitz-September-12-2023"]
[Site "Chess.com"]
[Date "2023.09.12"]
[Round "2"]
[White "AlexNovitz"]
[Black "S-Fazulyanov"]
[Result "0-1"]
[WhiteElo "2177"]
[BlackElo "2460"]
[TimeControl "180+1"]
[EndTime "14:17:17 PDT"]
[Termination "S-Fazulyanov won by resignation"]

1. e4 c5 2. Nf3 Nc6 3. d4 cxd4 4. Nxd4 g6 5. c4 Nf6 6. Nc3 Nxd4 7. Qxd4 d6 8. Be2 Bg7 9. Be3 O-O 10. Qd2 Ng4 11. Bxg4 Bxg4 12. O-O Be6 13. b3 a6 14.
Rac1 Rc8 15. Rfd1 Rc6 16. Nd5 Qd7 17. Bg5 f6 18. Bh6 Rfc8 19. Bxg7 Kxg7 20. Rc3 b5 21. Rdc1 bxc4 22. Rxc4 Rxc4 23. Rxc4 Rxc4 24. bxc4 Qa4 25. Nxe7 Qxc4 26. h3 Qxe4 27. Qxd6 Qb1+ 28. Kh2 Qxa2 29. Nc6 Qd5 30. Qe7+ Bf7 31. Nd8 Qe5+ 32. Qxe5 fxe5 33. Nc6 Kf6 34. Kg3 Bd5 35. Na5 Kf5 36. f3 Ke6 37. Kf2 Kd6 38. Ke3 Kc5 39. h4 Kb5 40. h5 gxh5 41. g3 Kxa5 42. f4 exf4+ 43. gxf4 Kb5 44. Kd4 Kc6 45. Ke5 a5 46. f5 h4 47. f6 h3 48. f7 Bxf7 0-1

[Event "Late-Titled-Tuesday-Blitz-September-12-2023"]
[Site "Chess.com"]
[Date "2023.09.12"]
[Round "2"]
[White "Hasangatin_Ramil"]
[Black "diamonds13"]
[Result "1-0"]
[WhiteElo "2717"]
[BlackElo "2355"]
[TimeControl "180+1"]
[EndTime "14:17:18 PDT"]
[Termination "Hasangatin_Ramil won by resignation"]

1. e4 c5 2. Nf3 Nc6 3. Bb5 Nf6 4.
Bxc6 dxc6 5. d3 Qc7 6. e5 Nd5 7. h3 h6 8. Qe2 Bf5 9. O-O e6 10. Nbd2 g5 11. Ne4 Be7 12. c4 Nf4 13. Bxf4 gxf4 14.
Rfe1 O-O-O 15. Rad1 Rhg8 16. Kh1 Rg6 17. Qd2 Bg5 18.
Nd6+ Rxd6 19. exd6 Qxd6 20. d4 Bf6 21. dxc5 Qxc5 22. Ne5 Rg8 23. Nd7 Qe7 24. Nxf6 Qxf6 25. Qxf4 Qxb2 26. Rd2 Qb6 27. Red1 Qc7 28. Qxc7+ Kxc7 29.
Rd7+ Kb6 30. Rxf7 a5 31. g4 Be4+ 32. f3 Bc2 33. Rd2 Bg6 34. Rf6 e5 35. Kg2 Kc5 36. Re2 e4 37. f4 Kxc4 38. f5 Kd3 39. Rxg6 Rd8 40. Kf2 c5 41. Re6 Rd4 42. R6xe4 Rxe4 43. Rxe4 Kxe4 44. f6 1-0

[Event "Late-Titled-Tuesday-Blitz-September-12-2023"]
[Site "Chess.com"]
[Date "2023.09.12"]
[Round "2"]
[White "younix2022"]
[Black "stasOR4ik"]
[Result "0-1"]
[WhiteElo "2058"]
[BlackElo "2436"]
[TimeControl "180+1"]
[EndTime "14:17:18 PDT"]
[Termination "stasOR4ik won by checkmate"]

1. Nf3 d5 2. c4 c6 3. d4 Nf6 4. Bf4 Bg4 5. e3 e6 6. Nbd2 Nbd7 7. Be2 Ne4 8. O-O Ndf6 9. Rc1 Bd6 10. cxd5 Bxf4 11.
exf4 exd5 12. Ne5 Bxe2 13. Qxe2 O-O 14. Nxe4 dxe4 15. Rfd1 Qa5 16. a3 Rad8 17. Qc4 Rd5 18. Rc2 Rfd8 19. Rcd2 Qb5 20. Qc3 Ne8 21. Qh3 Qa4 22.
Qf5 Nf6 23. g4 R5d6 24. g5 g6 25. Qh3 Nh5 26. Qe3 Ng7 27. Qxe4 c5 28. Qxb7 Rxd4 29.
Qxf7+ Kh8 30. Rxd4 cxd4 31. Rd3 Rc8 32. Nxg6+ hxg6 33. Rh3+ Nh5 34. Qxg6 Qd1+ 35. Kg2 Qg4+ 36. Rg3 Nxf4+ 37.
Kf1 Rc1# 0-1

[Event "Late-Titled-Tuesday-Blitz-September-12-2023"]
[Site "Chess.com"]
[Date "2023.09.12"]
[Round "2"]
[White "ckgchess"]
[Black "Sjakkerntobi"]
[Result "1-0"]
[WhiteElo "2881"]
[BlackElo "2519"]
[TimeControl "180+1"]
[EndTime "14:17:19 PDT"]
[Termination "ckgchess won by checkmate"]

1. e4 e6 2. d3 d5 3. Nd2 c5 4. g3 Nc6 5. Bg2 Nf6 6. Ngf3 Be7 7. O-O O-O 8. e5 Nd7 9. Re1 b5 10. h4 Bb7 11. h5 h6 12. Nf1 Qb6 13. Bf4 Rfc8 14.
Qd2 Qd8 15. Ne3 Nd4 16. Nxd4 cxd4 17. Ng4 Bf8 18. Rac1 a5 19. Nh2 b4 20. Nf3 Qb6 21.
g4 a4 22. g5 hxg5 23. Bxg5 b3 24. cxb3 axb3 25. a3 Ba6 26. h6 gxh6 27. Bxh6 Qd8 28. Nxd4 Bxh6 29. Qxh6 Bxd3 30. Nc6 Qf8 31. Qg5+ Bg6 32.
Ne7+ Kg7 33. Nxc8 Rxc8 34. Qe3 Rc2 35. Qxb3 Rxc1 36. Rxc1 Nxe5 37. Qc3 f6 38. Qg3 Qd6 39. a4 Qb6 40. b3 Nd3 41. Rc7+ Kh6 42. Qh4+ Bh5 43.
Qxf6+ Bg6 44. Qh4+ Bh5 45. Rc3 Qb4 46. Qf6+ Bg6 47.
Rxd3 Qe1+ 48. Bf1 Kh5 49. Rh3+ Kg4 50. Qxg6+ Kf4 51. Qg3+ Kf5 52. Qf3+ Kg6 53. Rg3+ Kh6 54. Qh1# 1-0

[Event "Late-Titled-Tuesday-Blitz-September-12-2023"]
[Site "Chess.com"]
[Date "2023.09.12"]
[Round "2"]
[White "German_Bazeev"]
[Black "Piotrek1979"]
[Result "0-1"]
[WhiteElo "2801"]
[BlackElo "2471"]
[TimeControl "180+1"]
[EndTime "14:17:20 PDT"]
[Termination "Piotrek1979 won by resignation"]

1. c4 g6 2. Nc3 Bg7 3. Nf3 c5 4. h4 Nc6 5. h5 d6 6. d3 e6 7. g3 Nge7 8. h6 Bxc3+ 9. bxc3 f6 10. g4 e5 11. g5 f5 12. d4 e4 13. Nh4 O-O 14. Ng2 Na5 15. e3 Be6 16. d5 Bd7 17.
Nf4 Qc8 18. Rb1 b6 19. a4 Rd8 20. Be2 Rf8 21. Rg1 Qe8 22. Ra1 Nc8 23. Kf1 Ne7 24.
Kg2 Bc8 25. Ra3 Ba6 26. Qf1 Qd8 27. Kh2 Qd7 28. Bd2 Rf7 29. Rg3 Re8 30. Ra2 Nb7 31. Rb2 Na5 32. Rb5 Bxb5 33. cxb5 c4 34. Bc1 Rc8 35. Ba3 Nb3 36. Qd1 Nc5 37. Qd4 Nxa4 38. Rg1 Nc5 39. Bb4 Qxb5 40. Nh5 gxh5 41. g6 hxg6 42.
Bxh5 Kh7 43. Rg5 a5 44. Ba3 Qb3 45. Bc1 Qc2 46. Bd2 Qd3 0-1

[Event "Late-Titled-Tuesday-Blitz-September-12-2023"]
[Site "Chess.com"]
[Date "2023.09.12"]
[Round "2"]
[White "Joshukid"]
[Black "artin10862"]
[Result "0-1"]
[WhiteElo "2538"]
[BlackElo "2963"]
[TimeControl "180+1"]
[EndTime "14:17:21 PDT"]
[Termination "artin10862 won on time"]

1. Nf3 c5 2. c4 Nc6 3. b3 Nf6 4. Bb2 d5 5. cxd5 Nxd5 6. e3 Ndb4 7. d3 Bf5 8. e4 Bg4 9. a3 Bxf3 10. gxf3 Na6 11. Bg2 e5 12. O-O Nc7 13. Nc3 Nd4 14. Ne2 Nce6 15. Bxd4 cxd4 16. Qd2 g6 17. f4 Bh6 18.
Qb4 Bxf4 19. Qxb7 O-O 20. Qd5 Qh4 21. Ng3 Rac8 22. b4 Rc3 23. Rfd1 Rfc8 24. a4 Qe7 25. b5 R8c5 26. Qa8+ Rc8 27. Qd5 R3c5 28. Qb3 h5 29. Bh3 R8c7 30. Bxe6 fxe6 31. Ne2 Kg7 32. Nxf4 exf4 33. Kh1 Rc2 34. Ra2 R2c3 35. Qb2 e5 36. a5 f3 37. Qd2 Qh4 38. b6 Qg4 0-1

[Event "Late-Titled-Tuesday-Blitz-September-12-2023"]
[Site "Chess.com"]
[Date "2023.09.12"]
[Round "2"]
[White "SaqoChess_Twitch"]
[Black "pokochajszachy"]
[Result "1-0"]
[WhiteElo "2729"]
[BlackElo "2366"]
[TimeControl "180+1"]
[EndTime "14:17:21 PDT"]
[Termination "SaqoChess_Twitch won on time"]

1. d4 d5 2. c4 c6 3. Nc3 Nf6 4. e3 e6 5. Nf3 Nbd7 6. Bd3 dxc4 7. Bxc4 b5 8. Bd3 b4 9. Na4 c5 10. dxc5 Bxc5 11. Nxc5 Nxc5 12. Bb5+ Ke7 13. Qc2 Qb6 14. Be2 Bb7 15. O-O Rac8 16. b3 Nce4 17. Qb2 Nc3 18. a3 a5 19. axb4 axb4 20. Bc4 Rhd8 21. Bd2 Nfe4 22. Bxc3 Nxc3 23. Nd4 Kf8 24. Ne2 Qc6 25. f3 Qc5 26. Kf2 Nd5 27. Qd4 Nb6 28. Qh4 Nxc4 29.
bxc4 Rd3 30. Nd4 Kg8 31. Rac1 e5 32. Nf5 g6 33. Ne7+ Kg7 34. Rfe1 1-0

[Event "Late-Titled-Tuesday-Blitz-September-12-2023"]
[Site "Chess.com"]
[Date "2023.09.12"]
[Round "2"]
[White "aa175"]
[Black "Bodhanas"]
[Result "1-0"]
[WhiteElo "2610"]
[BlackElo "1851"]
[TimeControl "180+1"]
[EndTime "14:17:21 PDT"]
[Termination "aa175 won by resignation"]

1. d4 d6 2. e4 c6 3. Nc3 Nd7 4. Nf3 Qc7 5. Bc4 e6 6. Bf4 Ngf6 7. Ng5 h6 8. Nxe6 fxe6 9. Bxe6 Nb6 10. Bb3 Bg4 11.
f3 Bh5 12. Qe2 O-O-O 13. a4 g5 14. Bg3 Kb8 15. a5 Nc8 16. O-O Bf7 17. e5 Bxb3 18. cxb3 Nh5 19. a6 Nxg3 20. hxg3 dxe5 21. dxe5 Bc5+ 22.
Kh1 b6 23. Rac1 h5 24. Ne4 Be7 25. Nf2 Rd5 26. Rfe1 g4 27. Qc4 gxf3 28. gxf3 h4 29. g4 Rd2 30. Re2 Rxe2 31. Qxe2 Bc5 32. Nd3 Bd4 33. Qe4 c5 34. b4 Ne7 35. bxc5 bxc5 36. Nxc5 Bxc5 37. Rxc5 Qd7 38. Qb4+ Ka8 39. Kh2 Nc6 40. Qe4 Rc8 41. Kh3 Kb8 42. Rb5+ Ka8 43. Rc5 Kb8 44. b3 Qd4 45. Rxc6 Qxe4 46. Rxc8+ Kxc8 47. fxe4 Kd7 48. g5 Ke6 49. g6 Kxe5 50. g7 Kxe4 51. g8=Q 1-0

[Event "Late-Titled-Tuesday-Blitz-September-12-2023"]
[Site "Chess.com"]
[Date "2023.09.12"]
[Round "2"]
[White "CrushingKings"]
[Black "GMKrikor"]
[Result "0-1"]
[WhiteElo "2520"]
[BlackElo "2881"]
[TimeControl "180+1"]
[EndTime "14:17:22 PDT"]
[Termination "GMKrikor won on time"]

1. Nf3 d5 2. g3 Nc6 3. d4 Bf5 4. Bg2 Nb4 5. Na3 e6 6. O-O Be7 7. Ne1 Nf6 8. c4 O-O 9. b3 h5 10. Bb2 h4 11. Nac2 Nxc2 12. Nxc2 h3 13. Bh1 c6 14. Ne3 Bg6 15. Rc1 a5 16. a3 Qb6 17. c5 Qa6 18. Bf3 b6 19. Ng4 Rfc8 20.
Ne5 Bh7 21. e3 Rab8 22. Be2 Qb7 23. Rc3 bxc5 24. dxc5 Ne4 25. Qd4 Nxc3 26. Bxc3 Bf6 27. b4 axb4 28. axb4 Ra8 29. g4 Qc7 30. f4 Be4 31. g5 Bxe5 32. fxe5 Ra2 33. Bf3 Bxf3 34. Rxf3 Rg2+ 35. Kh1 Qe7 36. Qf4 Qxg5 0-1

[Event "Late-Titled-Tuesday-Blitz-September-12-2023"]
[Site "Chess.com"]
[Date "2023.09.12"]
[Round "2"]
[White "Skagoogle"]
[Black "cukus"]
[Result "1-0"]
[WhiteElo "2780"]
[BlackElo "2417"]
[TimeControl "180+1"]
[EndTime "14:17:22 PDT"]
[Termination "Skagoogle won on time"]

1. e4 e5 2. Nf3 Nc6 3. Bc4 Bc5 4. O-O Nf6 5. d3 d6 6. c3 a6 7. Bb3 Ba7 8. Nbd2 h6 9. h3 g5 10. Nh2 h5 11. Kh1 h4 12. Nc4 Be6 13. Ne3 Qd7 14.
Qf3 Nh5 15. Nd5 O-O-O 16. Bxg5 Rdg8 17. Bd2 Rg6 18. Be3 Kb8 19. Bxa7+ Nxa7 20. Rg1 Ng3+ 21.
fxg3 hxg3 22. Nf6 Qc8 23. Bxe6 Qxe6 24. Nhg4 Rxf6 25. Qxf6 Qc8 26. Rgf1 Nc6 27. Kg1 Ka7 28. b4 Nb8 29. a4 Nd7 30. Qf3 Nb6 31. a5 Nd7 32.
Qxg3 f5 33. Qf2+ 1-0

[Event "Late-Titled-Tuesday-Blitz-September-12-2023"]
[Site "Chess.com"]
[Date "2023.09.12"]
[Round "2"]
[White "emeli_chess"]
[Black "GianmarcoVaR"]
[Result "0-1"]
[WhiteElo "2376"]
[BlackElo "2653"]
[TimeControl "180+1"]
[EndTime "14:17:24 PDT"]
[Termination "GianmarcoVaR won by resignation"]

1. d4 Nf6 2. c4 e6 3. Nc3 Bb4 4. Qc2 O-O 5. e4 d5 6. e5 Ne4 7.
Bd3 c5 8. Nf3 cxd4 9. Nxd4 Nd7 10. Bf4 Ndc5 11. O-O Nxd3 12. Qxd3 Bxc3 13. bxc3 Qh4 14.
g3 Qh5 15. cxd5 exd5 16. f3 Nc5 17. Qe2 b6 18. Nb5 Ba6 19. a4 Qf5 20. Rfd1 Rfd8 21. Qe3 Ne6 22. Qd3 Qh5 23. Qe3 Bxb5 24. axb5 g5 25.
g4 gxf4 26. Qf2 Qxe5 27. Rd3 d4 28. c4 Nc5 29. Rda3 d3 30. Rxa7 Qxa1+ 31. Rxa1 Rxa1+ 32. Kg2 d2 33. Qh4 Ne6 34. Kh3 d1=Q 35. Qf6 Qxf3+ 36. Kh4 Qf2+ 37. Kh5 Qxh2+ 0-1

[Event "Late-Titled-Tuesday-Blitz-September-12-2023"]
[Site "Chess.com"]
[Date "2023.09.12"]
[Round "2"]
[White "DvaHrasta"]
[Black "Vadim_Biliy"]
[Result "1-0"]
[WhiteElo "2482"]
[BlackElo "2221"]
[TimeControl "180+1"]
[EndTime "14:17:25 PDT"]
[Termination "DvaHrasta won on time"]

1. c4 c5 2. g3 Nc6 3. Bg2 b6 4. Nc3 Bb7 5. Nf3 Nd4 6. e3 Nxf3+ 7. Bxf3 Bxf3 8. Qxf3 Nf6 9. d4 e6 10. d5 e5 11. e4 d6 12. Bg5 Be7 13. Bxf6 Bxf6 14. h4 h5 15. Kf1 Qd7 16. Kg2 Qg4 17. Qd3 a6 18. f3 Qd7 19. a3 O-O 20. b4 cxb4 21.
axb4 a5 22. bxa5 Rxa5 23. Rhb1 Rfa8 24. Rxa5 bxa5 25. Qc2 Bd8 26. Qa4 Qc7 27. Qc6 Qxc6 28. dxc6 Rc8 29. Nd5 Kh7 30. Rb7 Rxc6 31. Rxf7 Ra6 32.
Rd7 Ra8 33. Nc3 a4 34. Nxa4 Rxa4 35. Rxd8 Ra2+ 36. Kf1 Ra3 37. Ke2 Ra2+ 38. Ke3 Ra3+ 39. Kd2 Rxf3 40. Rxd6 Rxg3 41. c5 Ra3 42. c6 Ra8 43.
Kc3 1-0

[Event "Late-Titled-Tuesday-Blitz-September-12-2023"]
[Site "Chess.com"]
[Date "2023.09.12"]
[Round "2"]
[White "lgsalazar94"]
[Black "lluiss"]
[Result "1-0"]
[WhiteElo "2455"]
[BlackElo "2173"]
[TimeControl "180+1"]
[EndTime "14:17:25 PDT"]
[Termination "lgsalazar94 won on time"]

1. c4 Nf6 2. g3 c6 3. Bg2 d5 4.
Nf3 g6 5. b3 Bg7 6. Bb2 O-O 7.
O-O a5 8. d3 a4 9. Na3 axb3 10.
axb3 Na6 11. Nc2 Be6 12. Ng5 Bd7 13. cxd5 cxd5 14. e4 h6 15. Nf3 dxe4 16. dxe4 Bc6 17. e5 Nd5 18. Ncd4 Ndb4 19. Nxc6 Nxc6 20. Qe2 Qc7 21. e6 f6 22. Nh4 g5 23. Nf5 Nc5 24. Qh5 Nxe6 25. Bd5 Kh7 26. Bxe6 Rxa1 27. Bxa1 Ne5 28.
Nxg7 Kxg7 29. Bf5 Rg8 30. Bxe5 Qxe5 31. Qg6+ Kf8 32. Qxh6+ Ke8 33. Qh7 Rf8 34. Rd1 1-0

[Event "Late-Titled-Tuesday-Blitz-September-12-2023"]
[Site "Chess.com"]
[Date "2023.09.12"]
[Round "2"]
[White "cassoulet"]
[Black "Atanejhad"]
[Result "1-0"]
[WhiteElo "2766"]
[BlackElo "2407"]
[TimeControl "180+1"]
[EndTime "14:17:26 PDT"]
[Termination "cassoulet won on time"]

1. d4 Nf6 2. Bg5 d5 3. Bxf6 exf6 4. e3 c6 5. g3 f5 6. Bg2 Be6 7. Ne2 Nd7 8. Nd2 Bd6 9. O-O O-O 10. Qc1 Kh8 11. c4 Nf6 12. b3 g5 13. Qc3 Rg8 14.
cxd5 cxd5 15. Rac1 Qe7 16. Nf3 Ne4 17. Qa5 Bb4 18. Qb5 a6 19. Qd3 f6 20. Rc2 Bd7 21.
Rfc1 Rgc8 22. a4 Ba3 23. Rxc8+ Rxc8 24. Rxc8+ Bxc8 25. Nd2 Be6 26. Nxe4 fxe4 27. Qc2 Bd6 28. Bf1 Qc7 29. Qxc7 Bxc7 30. h3 f5 31. b4 Kg7 32.
Nc3 Kf6 33. b5 a5 34. Be2 Bd6 35. b6 Be7 36. Bd1 Bb4 37. Nb5 Bd7 38. Nc7 Bc6 39.
Bb3 Bd6 40. Bxd5 Bxd5 41. Nxd5+ Ke6 42. Nc3 Kd7 43. g4 fxg4 44. hxg4 Kc6 45. Nxe4 Bb4 46. Nxg5 Kxb6 47. Nxh7 Be7 48. g5 Bxg5 49. Nxg5 Kc6 50.
Ne4 b5 51. axb5+ Kxb5 52. Nc5 1-0

[Event "Late-Titled-Tuesday-Blitz-September-12-2023"]
[Site "Chess.com"]
[Date "2023.09.12"]
[Round "2"]
[White "Macron20hTF1"]
[Black "KVAIDAN"]
[Result "1-0"]
[WhiteElo "2628"]
[BlackElo "2251"]
[TimeControl "180+1"]
[EndTime "14:17:26 PDT"]
[Termination "Macron20hTF1 won by checkmate"]

1. Nf3 f5 2. b3 Nf6 3. Bb2 d6 4. d4 e6 5. g3 Be7 6. Bg2 O-O 7.
O-O Qe8 8. Nbd2 Qh5 9. Re1 Ne4 10. Nxe4 fxe4 11. Nd2 d5 12. f3 c5 13. fxe4 cxd4 14. exd5 e5 15. Ne4 Bg4 16. d6 Bd8 17. Qd3 Nc6 18. Ba3 Ba5 19. b4 Bd8 20. Nf2 Bf5 21. Be4 Bxe4 22. Nxe4 a6 23. Rf1 Bg5 24. d7 Be3+ 25. Kg2 Rfd8 26. Rf3 Rxd7 27. Raf1 Rdd8 28. Nd6 Qg6 29. Qc4+ Kh8 30. Nf7+ Qxf7 31. Qxf7 h6 32. Qg6 Ne7 33. Qe4 Nd5 34. Rf7 Bg5 35. Qg6 Rg8 36. Bc1 e4 37. Bxg5 Rae8 38. Bxh6 Ne3+ 39. Bxe3 Re6 40. Qh5+ Rh6 41. Bxh6 Kh7 42. Bg5# 1-0

[Event "Late-Titled-Tuesday-Blitz-September-12-2023"]
[Site "Chess.com"]
[Date "2023.09.12"]
[Round "2"]
[White "Gentlejimmy7"]
[Black "Harald_Schmidt"]
[Result "1-0"]
[WhiteElo "2566"]
[BlackElo "2265"]
[TimeControl "180+1"]
[EndTime "14:17:27 PDT"]
[Termination "Gentlejimmy7 won by resignation"]

1. d4 d5 2. c4 c6 3. Nf3 Nf6 4.
e3 e6 5. b3 Bb4+ 6. Nbd2 O-O 7. Bd3 Nbd7 8. O-O c5 9. cxd5 Nxd5 10. Bb2 cxd4 11. Bxd4 N7f6 12. Nc4 Bc3 13. Bxc3 Nxc3 14. Qc2 Ncd5 15. a3 b6 16. Rfd1 Qe7 17. e4 Nf4 18. e5 N6d5 19. Bxh7+ Kh8 20. Be4 Bb7 21. Nd6 f5 22. Bd3 Nxd3 23. Qxd3 Rad8 24. Qc4 Ba8 25. Qh4+ Qxh4 26. Nxh4 Kh7 27. g3 g5 28. Nf3 Kg6 29.
Nd4 Rh8 30. Nxe6 Rd7 31. f3 g4 32. fxg4 fxg4 33. Rxd5 Bxd5 34. Nf4+ Kg5 35. Nxd5 Rdh7 36. Rf1 Rxh2 37. Nf7+ Kh5 38. Nxh8 Rb2 39. Re1 1-0

[Event "Late-Titled-Tuesday-Blitz-September-12-2023"]
[Site "Chess.com"]
[Date "2023.09.12"]
[Round "2"]
[White "szachmistrz2500"]
[Black "MichalL9"]
[Result "0-1"]
[WhiteElo "2443"]
[BlackElo "2232"]
[TimeControl "180+1"]
[EndTime "14:17:27 PDT"]
[Termination "MichalL9 won by checkmate"]

1. Nf3 c5 2. g3 Nc6 3. Bg2 d5 4. O-O Nf6 5. d3 e5 6. Nbd2 Be7 7. e4 O-O 8. Re1 Qc7 9. exd5 Nxd5 10. Nxe5 Nxe5 11.
Bxd5 Bg4 12. Nf3 Rad8 13. h3 Rxd5 14. hxg4 Nxg4 15. Bf4 Qd7 16. Qe2 Bf6 17. Rab1 h6 18.
b4 Bc3 19. Bd2 cxb4 20. Bxc3 bxc3 21. Qe4 Nf6 22. Qb4 Rh5 23. Nh4 Qh3 24. Qxb7 Nd5 25. Rb5 Rd8 26. Re7 Rxh4 27. gxh4 Qg4+ 28. Kf1 Nf4 29.
Rb1 Qh3+ 30. Ke1 Qxh4 31. Qf3 Qxe7+ 32. Kf1 Qh4 33. Rb4 Qh3+ 34. Qxh3 Nxh3 35. Rc4 Re8 36. Rxc3 Nf4 37. Rc7 a6 38. Rc6 Rb8 39. Rxa6 Rb1# 0-1